 Dungeon Crawl Stone Soup version 0.20.0-15-g7f486f2 (webtiles) character file.

128052 spiff the Severer (level 16, 149/149 HPs)
             Began as a Minotaur Fighter on May 29, 2017.
             Was a Follower of Uskayaw.
             Quit the game on level 15 of the Dungeon on June 25, 2017.
             The game lasted 01:45:02 (25213 turns).

spiff the Severer (Minotaur Fighter)               Turns: 25213, Time: 01:45:04

Health: 149/149    AC: 25    Str: 26    XL:     16   Next: 47%
Magic:  24/24      EV: 22    Int: 15    God:    Uskayaw [*.....]
Gold:   1318       SH:  0    Dex: 27    Spells: 13/15 levels left

rFire    + . .     SeeInvis .   w - +1 battleaxe (freeze)
rCold    + . .     Gourm    .   (shield currently unavailable)
rNeg     . . .     Faith    .   T - +7 chain mail of the Hare {rElec rPois rF- rC+}
rPois    +         Spirit   .   W - +0 hat {MR+}
rElec    +         Reflect  .   a - +1 cloak {rPois}
rCorr    +         Harm     .   B - +0 pair of gloves
MR       +....                  (no boots)
Stlth    ..........             c - amulet of Ebousicva {+Rage Int+6 Dex+3}
Regen    0.4/turn               R - ring "Awnett" {rCorr *Drain Int+4 Dex+8}
MPRegen  0.2/turn               M - ring of the Vendetta {+Blink rPois rF+ MR- Str+4}

@: no status effects
A: retaliatory headbutt, horns 2, fire resistance 1
a: Stomp, Renounce Religion, Evoke Blink, Evoke Berserk Rage


You were on level 15 of the Dungeon.
You worshipped Uskayaw.
Uskayaw was pleased with you.
You were not hungry.

You visited 4 branches of the dungeon, and saw 24 of its levels.
You visited the Abyss 1 time.
You also visited: Labyrinth, Ice Cave and Volcano.

You collected 2855 gold pieces.
You spent 1537 gold pieces at shops.

Inventory:

Hand Weapons
 w - a +1 battleaxe of freezing (weapon)
Missiles
 i - 32 tomahawks
 t - 4 steel tomahawks
 y - 3 silver tomahawks (quivered)
Armour
 a - a +1 cloak of poison resistance (worn)
 B - a +0 pair of gloves (worn)
 T - the +7 chain mail of the Hare (worn) {rElec rPois rF- rC+}
   (You bought it in a shop on level 2 of the Orcish Mines)

   It makes you vulnerable to fire.
   It protects you from cold.
   It insulates you from electricity.
   It protects you from poison.
 W - a +0 hat of magic resistance (worn)
Jewellery
 c - the amulet of Ebousicva (around neck) {+Rage Int+6 Dex+3}
   (You bought it in a shop on level 2 of the Orcish Mines)

   [amulet of rage]

   It affects your intelligence (+6).
   It affects your dexterity (+3).
   It lets you go berserk.
 x - an uncursed ring of protection from magic
 M - the ring of the Vendetta (right hand) {+Blink rPois rF+ MR- Str+4}
   (You found it on level 10 of the Dungeon)

   [ring of protection from fire]

   It affects your strength (+4).
   It protects you from fire.
   It protects you from poison.
   It affects your resistance to hostile enchantments.
   It lets you blink.
 R - the ring "Awnett" (left hand) {rCorr *Drain Int+4 Dex+8}
   (You found it in a labyrinth)

   [ring of resist corrosion]

   It affects your intelligence (+4).
   It affects your dexterity (+8).
   It causes draining when unequipped.
Wands
 q - a wand of lightning (11/15)
 r - a wand of digging (14/24)
 z - a wand of confusion (24/48)
 H - a wand of acid (4/15)
 N - a wand of iceblast (6/15)
 V - a wand of clouds (5/9)
Scrolls
 e - a scroll of summoning
 g - a scroll of enchant armour
 h - 15 scrolls of remove curse
 k - 8 scrolls of teleportation
 n - 3 scrolls of identify
 o - 7 scrolls of fog
 s - a scroll of brand weapon
 v - a scroll of holy word
 A - a scroll of acquirement {unknown}
 C - 2 scrolls of blinking
 D - a scroll of silence {unknown}
 G - 3 scrolls of magic mapping
 J - 3 scrolls of fear
Potions
 d - 3 potions of might
 j - 4 potions of invisibility
 l - a potion of resistance
 m - 10 potions of heal wounds
 p - a potion of cancellation
 I - a potion of flight
 K - 2 potions of agility
 L - 3 potions of curing
 P - 5 potions of haste
Miscellaneous
 E - a sack of spiders
 X - a fan of gales
 Y - a box of beasts
Comestibles
 b - 7 fruits
 f - 11 bread rations
 u - 2 royal jellies


   Skills:
 + Level 15.6 Fighting
 + Level 16.7 Axes
 + Level 15.6 Armour
 + Level 14.2 Dodging
   Level 3.6 Shields
 + Level 12.2 Invocations
 - Level 5.4 Evocations


You had 13 spell levels left.
You knew the following spells:

 Your Spells              Type           Power        Failure   Level  Hunger
a - Apportation           Tloc           #.....       69%         1    ##.....
b - Summon Butterflies    Summ           #.......     69%         1    ##.....


Dungeon Overview and Level Annotations

Branches:
Dungeon (15/15)            Temple (1/1) D:5            Lair (6/6) D:11
 Shoals (0/4) Lair:3        Snake (0/4) Lair:3        Slime (0/5) Lair:6
    Orc (2/2) D:12            Elf (0/3) Orc:2        Vaults (0/5) D:14
 Depths (0/5) D:15

Altars:
Ashenzari
Cheibriados
Dithmenos
Elyvilon
Fedhas
Gozag
Hepliaklqana
Kikubaaqudgha
Makhleb
Nemelex Xobeh
Okawaru
Qazlal
Ru
Sif Muna
Trog
Uskayaw
Vehumet
Xom
Yredelemnul
Zin
The Shining One
Beogh

Shops:
D:5 ==   D:6 *?==[   D:15 ![:   Orc:2 =(*=[

Annotations:
D:6 ring intel +8
D:8 exclusion: downstairs
Lair:6 Kirke


Innate Abilities, Weirdness & Mutations

You reflexively headbutt those who attack you in melee.
You have a pair of horns on your head.
Your flesh is heat resistant. (rF+)


Message History

The centaur warrior skeleton is heavily damaged.
The centaur warrior skeleton completely misses you.
You furiously retaliate!
You headbutt the centaur warrior skeleton!
You slash the centaur warrior skeleton!
The centaur warrior skeleton is severely damaged.
The centaur warrior skeleton completely misses you.
You slash the centaur warrior skeleton!
You freeze the centaur warrior skeleton.
You headbutt the centaur warrior skeleton.
You destroy the centaur warrior skeleton!
Done exploring.
Save game and exit?
Welcome back, spiff the Minotaur Fighter.
Uskayaw says: Revel in the joy of movement!
Press ? for a list of commands and other information.
Welcome back, spiff the Minotaur Fighter.
Uskayaw says: Revel in the joy of movement!
Press ? for a list of commands and other information.
Are you sure you want to abandon this character and quit the game? (Confirm with "yes".)

#........................#.######
#........................#.......
#........................#.......
###'######################.......
..(..((†[...................###..
(..###))[.......#########...###..
(..# #..........# #........
...###..........#########........
((..............@................
..(..............................
#################################


There were no monsters in sight!

Vanquished Creatures
  Rupert (D:12)
  A lich (Abyss:3)
  A frost giant (IceCv)
  2 orc warlords (Orc:2)
  Azrael (D:13)
  The ghost of heinrich the Cleaver, a journeyman FoHu of Hepliaklqana (Volcano)
  Snorg (Lair:3)
  An ettin (D:15)
  A minotaur (Lab)
  Josephine (D:13)
  3 fire dragons
  An ogre mage (Orc:2)
  Erolcha (Orc:1)
  4 centaur warriors
  8 hydras
  A catoblepas (Lair:6)
  5 death yaks
  10 two-headed ogres
  A death knight (D:12)
  2 tengu warriors
  A deep troll shaman (Lair:6)
  An orc high priest (Orc:2)
  Urug (Lair:5)
  Sonja (D:13)
  Nergalle (D:12)
  2 deep elf knights
  A wretched star (Abyss:3)
  3 unseen horrors
  2 wizards
  A deep troll (D:15)
  Pikel (D:6)
  2 lindwurms (Lair:6)
  5 orc knights
  10 deep elf magi
  2 wolf spider zombies (D:14)
  14 ugly things
  3 manticores
  7 orc sorcerers
  6 cyclopes
  4 black mambas
  A merfolk siren (Lair:3)
  3 elephants (Lair:6)
  An ice statue (IceCv)
  Psyche (D:12)
  4 centaur zombies
  4 kobold demonologists
  5 gargoyles
  A smoke demon (Volcano)
  5 rime drakes
  12 spiny frogs
  7 komodo dragons
  A red devil (Volcano)
  A hornet (D:12)
  7 trolls
  A queen bee (Lair:3)
  15 polar bears
  Prince Ribbit (D:9)
  4 dream sheep (Lair:4)
  4 blink frogs (Lair:4)
  A minotaur skeleton (Lab)
  9 hippogriffs
  3 slime creatures (D:12)
  3 redbacks (Lab)
  A shadow (Lab)
  A wyvern (Lair:3)
  50 yaks
  Eustachio (D:4)
  3 basilisks
  8 wraiths
  3 fire elementals (D:13)
  7 hogs
  A hog (shapeshifter) (D:15)
  A human (D:8)
  4 fire bats (D:10)
  3 steam dragons
  5 hungry ghosts
  A neqoxec (Abyss:3)
  A chaos spawn (Abyss:3)
  6 vampire mosquitoes
  5 large abominations (D:13)
  6 wargs
  A soldier ant (D:14)
  14 water moccasins
  3 acid dragons
  18 porcupines
  5 hell hounds
  30 orc warriors
  5 sky beasts
  4 slaves (D:6)
  6 ice beasts
  3 black bears
  A necrophage (D:12)
  2 phantoms
  15 ogres
  35 wolves
  9 boggarts
  11 centaurs
  12 crocodiles
  16 bullfrogs
  Blork the orc (D:5)
  17 big kobolds
  7 small abominations (D:13)
  A gnoll sergeant (D:6)
  A wyvern zombie (D:14)
  A scorpion (D:15)
  28 killer bees
  A troll skeleton (Lab)
  An electric eel (Orc:2)
  7 wights
  2 howler monkeys (D:11)
  7 crimson imps
  2 quasits
  2 lava snakes (D:10)
  5 bullfrog skeletons
  3 jellies
  13 centaur skeletons
  20 orc priests
  8 hounds
  2 iguanas
  27 orc wizards
  9 worker ants
  A killer bee zombie (D:9)
  A hound zombie (D:6)
  A hound skeleton (D:10)
  6 gnolls
  9 adders
  A shadow imp (D:6)
  2 adder skeletons
  2 worms
  A dart slug (D:5)
  4 leopard geckos
  83 orcs
  6 giant cockroaches
  7 hobgoblins
  13 jackals
  6 quokkas
  2 ball pythons
  5 bats
  7 frilled lizards
  14 goblins
  A jackal skeleton (D:5)
  19 kobolds
  A leopard gecko skeleton (D:4)
  A leopard gecko zombie (D:6)
  A quokka skeleton (D:6)
  A quokka zombie (D:5)
  4 rats
  A fire vortex (D:10)
  5 fungi
  7 plants
883 creatures vanquished.

Vanquished Creatures (others)
  An unseen horror (D:15)
  A boggart (D:14)
  2 fire vortices (D:10)
  11 fungi (Lair:6)
  5 plants
20 creatures vanquished.

Grand Total: 903 creatures vanquished

Notes
Turn   | Place    | Note
-------+----------+-------------------------------------------
     0 | D:1      | spiff the Minotaur Fighter began the quest for the Orb.
     0 | D:1      | Reached XP level 1. HP: 19/19 MP: 0/0
   221 | D:1      | Reached XP level 2. HP: 26/27 MP: 1/1
   356 | D:1      | Reached skill level 3 in Axes
   613 | D:2      | Reached XP level 3. HP: 27/33 MP: 2/2
   720 | D:2      | Reached skill level 1 in Dodging
   892 | D:2      | Reached XP level 4. HP: 40/40 MP: 3/3
  1070 | D:3      | Found a shattered altar of Ashenzari.
  1217 | D:3      | Reached skill level 4 in Axes
  1534 | D:4      | Noticed a bullfrog
  1542 | D:4      | Killed a bullfrog
  1542 | D:4      | Reached XP level 5. HP: 41/47 MP: 4/4
  1618 | D:4      | Noticed an ogre
  1655 | D:4      | Killed an ogre
  1655 | D:4      | Reached skill level 5 in Axes
  1655 | D:4      | Reached skill level 1 in Evocations
  1718 | D:4      | Noticed a hungry ghost
  1731 | D:4      | Killed a hungry ghost
  1731 | D:4      | Reached skill level 5 in Fighting
  1731 | D:4      | Reached skill level 5 in Armour
  1731 | D:4      | Reached XP level 6. HP: 54/56 MP: 4/6
  1859 | D:4      | Reached XP level 7. HP: 61/61 MP: 7/7
  2009 | D:4      | Noticed Eustachio
  2044 | D:4      | Killed Eustachio
  2044 | D:4      | Reached skill level 6 in Axes
  2249 | D:5      | Entered Level 5 of the Dungeon
  2249 | D:5      | Noticed Blork the orc
  2256 | D:5      | Killed Blork the orc
  2439 | D:5      | Reached skill level 7 in Axes
  2439 | D:5      | Reached XP level 8. HP: 33/70 MP: 9/9
  2866 | D:5      | Found a sacrificial altar of Ru.
  2889 | D:5      | Found Saru's Jewellery Emporium.
  2918 | D:5      | Found Laclih's Jewellery Shoppe.
  3223 | D:5      | Found a staircase to the Ecumenical Temple.
  3229 | Temple   | Entered the Ecumenical Temple
  3333 | Temple   | Became a worshipper of Uskayaw the Reveler
  3496 | D:5      | Found a shadowy altar of Dithmenos.
  3502 | D:5      | Found a radiant altar of Vehumet.
  3503 | D:5      | Found a shimmering altar of Xom.
  3556 | D:6      | Found Ylockaxe's Antique Armour Shop.
  3559 | D:6      | Reached * piety under Uskayaw
  3562 | D:6      | Reached ** piety under Uskayaw
  3566 | D:6      | Reached *** piety under Uskayaw
  3580 | D:6      | Found an iron altar of Okawaru.
  3602 | D:6      | Found a sparkling altar of Nemelex Xobeh.
  3707 | D:6      | Found Omner's Magic Scroll Shoppe.
  3725 | D:6      | Reached **** piety under Uskayaw
  3728 | D:6      | Reached ***** piety under Uskayaw
  3740 | D:6      | Bought a scroll of blinking for 105 gold pieces
  3766 | D:6      | Reached skill level 11 in Axes
  3766 | D:6      | Reached XP level 9. HP: 39/82 MP: 9/11
  3774 | D:6      | Noticed Pikel
  4023 | D:6      | Killed Pikel
  4065 | D:6      | Found Zaxzugg's Jewellery Shop.
  4083 | D:6      | Found a blossoming altar of Fedhas.
  4187 | D:6      | Found Loamung's Jewellery Shop.
  4250 | D:6      | Found Dopudin's General Store.
  4513 | D:7      | Reached XP level 10. HP: 84/90 MP: 12/12
  5353 | D:8      | Reached skill level 5 in Invocations
  5601 | D:9      | Noticed a two-headed ogre
  5699 | D:9      | Found a glowing golden altar of the Shining One.
  5774 | D:9      | Noticed Prince Ribbit
  5782 | D:9      | Killed Prince Ribbit
  6582 | D:9      | Killed a two-headed ogre
  6796 | D:10     | Entered Level 10 of the Dungeon
  6818 | D:10     | Reached XP level 11. HP: 97/97 MP: 14/14
  7142 | D:10     | Reached skill level 10 in Armour
  7169 | D:10     | Got a scorched bronze ring
  7170 | D:10     | Identified the ring of the Vendetta {+Blink rPois rF+ MR- Str+4} (You found it on level 10 of the Dungeon)
  7246 | D:10     | Reached skill level 5 in Evocations
  7360 | D:10     | Noticed a two-headed ogre
  7368 | D:10     | Killed a two-headed ogre
  7368 | D:10     | Reached skill level 10 in Fighting
  7368 | D:10     | Reached skill level 12 in Axes
  7544 | D:10     | Noticed a two-headed ogre
  7554 | D:10     | Killed a two-headed ogre
  7927 | D:11     | Noticed a white ugly thing
  7936 | D:11     | Killed a white ugly thing
  8019 | D:11     | Found a labyrinth entrance.
  8028 | Lab      | Entered a labyrinth
  8258 | Lab      | Killed an unseen horror
  9994 | Lab      | Noticed a minotaur
  9998 | Lab      | Killed a minotaur
  9998 | Lab      | Reached XP level 12. HP: 108/108 MP: 16/16
 10003 | Lab      | Got a steaming jade ring
 10128 | D:11     | Upgraded the game from 0.20.0-7-g3b7b877 to 0.20.0-8-g6b59dc7
 10234 | D:11     | Found a staircase to the Lair.
 10308 | D:11     | Identified the ring "Awnett" {rCorr *Drain Int+4 Dex+8} (You found it in a labyrinth)
 10511 | D:11     | Reached skill level 10 in Dodging
 10692 | D:11     | Reached skill level 13 in Axes
 10713 | Lair:1   | Entered Level 1 of the Lair of Beasts
 12111 | Lair:2   | You fall through a shaft!
 12128 | Lair:3   | Noticed a four-headed hydra
 12133 | Lair:3   | Killed a five-headed hydra
 12146 | Lair:3   | Found a dark tunnel.
 12154 | Volcano  | Entered a volcano
 12173 | Volcano  | Noticed heinrich's ghost (journeyman FoHu)
 12194 | Volcano  | Killed heinrich's ghost
 12194 | Volcano  | Reached XP level 13. HP: 47/117 MP: 18/18
 12554 | Lair:3   | Found a frozen archway.
 12564 | IceCv    | Entered an ice cave
 12784 | IceCv    | Reached ****** piety under Uskayaw
 12911 | IceCv    | Noticed a frost giant
 12930 | IceCv    | Killed a frost giant
 12930 | IceCv    | Reached skill level 14 in Axes
 13188 | Lair:3   | Noticed Snorg
 13196 | Lair:3   | Killed Snorg
 13250 | Lair:3   | Found a staircase to the Shoals.
 13522 | Lair:3   | Found a staircase to the Snake Pit.
 14032 | Lair:4   | Reached XP level 14. HP: 127/127 MP: 20/20
 14830 | Lair:5   | Noticed Urug
 14843 | Lair:5   | Killed Urug
 15523 | Lair:6   | Entered Level 6 of the Lair of Beasts
 15547 | Lair:6   | Reached skill level 10 in Invocations
 16075 | Lair:6   | Noticed Kirke
 16607 | Lair:6   | Reached skill level 15 in Axes
 17391 | Lair:6   | Found a staircase to the Slime Pits.
 17506 | Lair:6   | Noticed a sphinx
 17518 | Lair:6   | Paralysed by a sphinx for 5 turns
 17911 | D:12     | Noticed Nergalle
 17920 | D:12     | Killed Nergalle
 18275 | D:12     | Noticed Psyche
 18279 | D:12     | Killed Psyche
 18279 | D:12     | Reached XP level 15. HP: 104/138 MP: 22/22
 18692 | D:12     | Found a staircase to the Orcish Mines.
 18829 | D:12     | Noticed Rupert
 18838 | D:12     | Killed Rupert
 19637 | D:13     | Noticed Josephine
 19647 | D:13     | Killed Josephine
 19907 | D:13     | Noticed Azrael
 19917 | D:13     | Killed Azrael
 20299 | D:13     | Noticed Sonja
 20304 | D:13     | Killed Sonja
 20565 | Orc:1    | Entered Level 1 of the Orcish Mines
 21017 | Orc:2    | Entered Level 2 of the Orcish Mines
 21033 | Orc:2    | Noticed an orc warlord
 21046 | Orc:2    | Killed an orc warlord
 21557 | Orc:2    | Found a roughly hewn altar of Beogh.
 21571 | Orc:2    | Found Tiptulu's Antique Weapon Emporium.
 21582 | Orc:2    | Found Texiwnit's Jewellery Emporium.
 21690 | Orc:2    | Found Remyn's General Store.
 21762 | Orc:2    | Noticed an orc warlord
 22002 | Orc:2    | Cast into level 3 of the Abyss (orc warlord)
 22066 | Abyss:3  | Noticed a Hell Sentinel
 22147 | Abyss:3  | Noticed a lich
 22149 | Abyss:3  | Gained mutation: Your flesh is heat resistant. (rF+) [a neqoxec]
 22155 | Abyss:3  | Killed a lich
 22155 | Abyss:3  | Reached skill level 16 in Axes
 22198 | Orc:2    | Escaped the Abyss
 22212 | Orc:2    | Killed an orc warlord
 22463 | Orc:2    | Found a staircase to the Elven Halls.
 22582 | Orc:2    | Found Uclabed's Jewellery Shop.
 22597 | Orc:2    | Reached skill level 15 in Armour
 22700 | Orc:2    | Found Oruemmif's Antique Armour Emporium.
 22706 | Orc:2    | Bought a fine chain mail for 171 gold pieces
 22721 | Orc:2    | Identified the +7 chain mail of the Hare {rElec rPois rF- rC+} (You bought it in a shop on level 2 of the Orcish Mines)
 22779 | Orc:2    | Reached skill level 15 in Fighting
 22903 | Orc:2    | Reached XP level 16. HP: 149/149 MP: 23/23
 23156 | Orc:2    | Bought the amulet of Ebousicva {+Rage Int+6 Dex+3} for 1186 gold pieces
 23176 | Orc:1    | Noticed Erolcha
 23179 | Orc:1    | Killed Erolcha
 23692 | Lair:1   | Learned a level 1 spell: Apportation
 23694 | Lair:1   | Learned a level 1 spell: Summon Butterflies
 23957 | D:14     | Found a gate to the Vaults.
 24267 | D:15     | Entered Level 15 of the Dungeon
 24302 | D:15     | Found Gim Miwi's Distillery.
 24310 | D:15     | Bought a potion of heal wounds for 75 gold pieces
 24813 | D:15     | Found Otecyept's Book Shop.
 24932 | D:15     | Found Diwe's Armour Shop.
 25083 | D:15     | Found a staircase to the Depths.
 25212 | D:15     | Upgraded the game from 0.20.0-8-g6b59dc7 to 0.20.0-15-g7f486f2
 25213 | D:15     | Quit the game

Skill      XL: |  1  2  3  4  5  6  7  8  9 10 11 12 13 14 15 16 |
---------------+-------------------------------------------------+-----
Axes           | 3 4 5 7 11 12 13 14 15 16 | 16.7
Armour         | 4 5 6 8 9 10 11 13 14 15 | 15.6
Fighting       | 4 5 8 9 10 11 12 14 15 | 15.6
Dodging        | 1 2 3 6 7 8 9 10 11 12 13 14 | 14.2
Evocations     | 1 2 3 4 5 |  5.4
Invocations    | 4 5 7 8 9 10 11 12 | 12.2
Shields        | |  3.6

Action                   |  1- 3 |  4- 6 |  7- 9 | 10-12 | 13-15 | 16-18 || total
-------------------------+-------+-------+-------+-------+-------+-------++-------
Melee: War axe           |    70 |    86 |   182 |   406 |     1 |       ||   745
       Headbutt          |     5 |     7 |    33 |   165 |   308 |    72 ||   590
       Broad axe         |       |       |       |   186 |   139 |       ||   325
       Battleaxe         |       |       |       |       |   708 |   174 ||   882
Invok: Line Pass         |       |       |       |     3 |     1 |       ||     4
       Grand Finale      |       |       |       |       |     6 |       ||     6
       Stomp             |       |       |       |       |     1 |       ||     1
 Abil: Evoke Berserk Rag |       |     2 |     8 |    12 |     7 |     2 ||    31
       Evoke Blink       |       |       |       |       |     1 |       ||     1
Evoke: Wand              |       |       |       |     3 |     3 |       ||     6
  Use: Scroll            |       |       |    10 |    13 |    10 |     1 ||    34
       Potion            |       |       |     1 |       |     2 |       ||     3
 Stab: Paralysed         |       |       |     7 |    58 |   125 |    30 ||   220
       Distracted        |       |       |       |     1 |       |       ||     1
       Confused          |       |       |       |       |     1 |       ||     1
       Petrifying        |       |       |       |       |     1 |       ||     1
  Eat: Chunk             |       |    10 |    17 |    24 |    42 |     9 ||   102
       Bread ration      |       |       |       |     5 |     1 |       ||     6
       Meat ration       |       |       |       |     1 |       |       ||     1
       Royal jelly       |       |       |       |       |     1 |       ||     1
Armor: Scale mail        |    33 |    34 |       |       |       |       ||    67
       Plate armour      |       |    27 |   143 |   231 |       |       ||   401
       Chain mail        |       |       |       |    76 |   360 |    81 ||   517
       Fire dragon scale |       |       |       |     6 |       |       ||     6
Dodge: Dodged            |    52 |    43 |    87 |   325 |   745 |   160 ||  1412
